Map: Blueshift LE

Players

Smileblind

  • Race: Protoss Protoss
  • League: Silver
  • Spawn Location: 7:00

PanchO - Winner!

  • Race: Terran Terran
  • League: Silver
  • Spawn Location: 1:00

VOD

Have the link to the VOD?

Description

Time

  • Played on: Jan. 16, 2019, 2:33 p.m.
  • Length: 23:33
Show
View Real Time Build Order
Export as new Build Order

Smileblind Protoss 

Build Orders: Cannon Rush 

Get SALT Encoding   

  12  0:15  Pylon  
  12  0:16  Probe  
  13  0:24  Probe  
  14  0:43  Forge  
  14  1:05  Pylon  
  14  1:24  Photon Cannon  
  14  1:28  Photon Cannon  
  14  1:30  Photon Cannon  
  14  1:41  Photon Cannon  
  14  1:52  Gateway  
  14  1:53  Probe  
  14  2:01  Probe  
  16  2:09  Probe  
  16  2:11  Assimilator  
  17  2:17  Probe  
  18  2:29  Pylon  
  18  2:44  Pylon  
  18  2:51  Pylon  
  18  2:57  Photon Cannon  
  18  2:58  Zealot  
  20  3:13  Photon Cannon  
  20  3:14  Photon Cannon  
  20  3:25  Cybernetics Core  
  20  3:26  Zealot  
  22  3:41  Photon Cannon  
  22  3:54  Pylon  
  22  4:01  Gateway  
  22  4:09  Shield Battery  
  22  4:15  Shield Battery  
  22  4:49  Gateway  
  22  5:00  Gateway  
  22  5:03  Photon Cannon  
  22  5:06  Probe  
  22  5:07  Photon Cannon  
  22  5:14  Probe  
  23  5:15  Pylon  
  23  5:18  Assimilator  
  24  5:22  Stalker  
  24  5:28  Shield Battery  
  22  5:51  Pylon  
  22  5:54  Stalker  
  23  6:04  Zealot  
  26  6:11  Probe  
  26  6:23  Probe  
  26  6:24  Sentry  
  29  6:26  Zealot  
  31  6:35  Probe  
  9  8:10  Stalker  
  11  8:26  Stalker  
  13  8:40  Stalker  
  7  8:56  Stalker  
  9  9:09  Probe  
  10  9:10  Stalker  
  12  9:23  Probe  
  13  9:40  Stalker  
  15  9:52  Probe  
  16  10:16  Probe  
  17  10:30  Probe  
  18  10:44  Probe  
  19  10:57  Probe  
  20  11:09  Probe  
  21  11:18  Probe  
  22  11:26  Probe  
  23  11:35  Probe  
  24  11:47  Probe  
  25  12:00  Probe  
  26  12:07  Shield Battery  
  26  12:12  Probe  
  27  12:24  Probe  
  28  12:36  Probe  
  29  12:38  Robotics Facility  
  29  12:48  Probe  
  30  12:51  Warp Gate  
  30  12:55  Zealot  
  32  13:05  Sentry  
  34  13:15  Pylon  
  34  13:25  Warp Prism  
  34  13:31  Sentry  
  38  14:21  Nexus  
  38  14:43  Pylon  
  38  14:46  Pylon  
  38  15:02  Robotics Bay  
  38  15:09  Assimilator  
  38  15:22  Gateway  
  38  15:25  Sentry  
  40  15:31  Probe  
  41  15:39  Probe  
  41  15:49  Probe  
  43  16:01  Probe  
  43  16:02  Extended Thermal Lance  
  44  16:13  Probe  
  45  16:19  Zealot  
  45  16:25  Probe  
  48  16:37  Probe  
  49  16:45  Colossus  
  55  16:47  Probe  
  56  16:55  Probe  
  57  17:03  Probe  
  58  17:10  Robotics Facility  
  58  17:11  Sentry  
  58  17:14  Zealot  
  62  17:40  Stalker  
  62  17:42  Sentry  
  66  17:54  Probe  
  67  18:06  Probe  
  52  18:18  Probe  
  46  18:31  Probe  
  47  18:39  Nexus  
  47  18:43  Probe  
  48  18:48  Photon Cannon  
  48  18:52  Zealot  
  48  18:53  Pylon  
  50  18:55  Stalker  
  50  18:56  Stalker  
  50  18:57  Pylon  
  33  19:29  Sentry x2  
  33  19:30  Stalker  
  26  19:40  Shield Battery  
  24  19:47  Probe  
  25  20:13  Probe  
  26  20:35  Probe  
  27  20:47  Probe  
  20  21:08  Probe  
  19  21:16  Probe  
  19  21:24  Probe  
  19  21:34  Probe  
  20  21:45  Stalker  
  20  21:46  Probe  
  23  21:58  Probe  
  24  22:10  Probe  
  25  22:20  Stalker  
  25  22:22  Stalker  
  29  22:24  Probe  
  30  22:32  Probe  
  31  22:48  Stalker  
  31  22:49  Stalker  
  17  23:12  Zealot x2  
Show
View Real Time Build Order
Export as new Build Order

PanchO Terran - Winner!

Build Orders:  

Get SALT Encoding   

  12  0:11  Supply Depot  
  12  0:13  SCV  
  13  0:26  SCV  
  14  0:36  Barracks  
  14  0:42  Supply Depot  
  14  0:46  SCV  
  15  0:58  SCV  
  16  1:08  Refinery  
  16  1:10  SCV  
  17  1:22  SCV  
  18  1:41  Supply Depot  
  18  1:43  SCV  
  19  1:50  Refinery  
  19  1:53  Barracks Tech Lab  
  19  1:55  SCV  
  20  2:07  SCV  
  21  2:12  Bunker  
  21  2:17  Marine  
  21  2:20  SCV  
  23  2:32  SCV  
  23  2:35  Marine  
  22  2:44  SCV  
  23  2:59  Barracks  
  23  3:07  Command Center  
  20  3:34  Supply Depot  
  20  3:35  Supply Depot  
  20  3:54  Supply Depot  
  17  4:20  Barracks Reactor  
  10  5:00  Marine x2  
  12  5:18  Marine x2  
  14  5:23  Supply Depot  
  14  5:32  SCV  
  15  5:36  Marine x2  
  17  5:44  SCV  
  18  5:53  Marine  
  18  5:54  Marine  
  18  5:56  SCV  
  21  6:08  SCV  
  22  6:11  Marine x2  
  22  6:16  SCV  
  25  6:20  SCV  
  26  6:29  Marine x2  
  26  6:32  SCV  
  29  6:44  SCV  
  27  6:47  Marine x2  
  25  7:05  Marine x2  
  27  7:13  Engineering Bay  
  22  7:23  Marine x2  
  21  7:40  Marine  
  21  7:41  Marine  
  20  7:47  Planetary Fortress  
  18  7:51  Barracks  
  18  7:54  Planetary Fortress  
  17  7:58  Marine  
  17  8:09  Neosteel Armor  
  16  8:24  SCV  
  15  8:29  Barracks Reactor  
  15  8:30  Refinery  
  15  8:36  SCV  
  16  8:42  SCV  
  17  8:54  SCV  
  16  9:12  SCV  
  16  9:15  SCV  
  18  9:20  Marine  
  20  9:24  SCV  
  20  9:27  SCV  
  20  9:30  Marine  
  22  9:36  SCV  
  23  9:39  SCV  
  23  9:40  Marine  
  25  9:48  SCV  
  25  9:51  SCV  
  27  9:55  Marine  
  28  10:02  Missile Turret  
  28  10:03  SCV x2  
  28  10:05  Barracks Reactor  
  30  10:13  Marine  
  31  10:19  SCV  
  32  10:22  Hi-Sec Auto Tracking  
  32  10:29  SCV  
  32  10:31  SCV, Marine  
  35  10:45  Marine x2  
  38  10:50  SCV, Bunker  
  38  10:53  Barracks Reactor  
  38  10:58  SCV  
  38  11:02  Marine x2  
  41  11:09  SCV, Barracks  
  41  11:10  SCV  
  43  11:13  Refinery  
  43  11:20  Marine  
  43  11:21  SCV, Refinery  
  45  11:32  Marine x3  
  48  11:41  SCV, Missile Turret, Sensor Tower  
  48  11:46  SCV  
  50  11:47  Marine  
  50  11:50  Marine  
  52  12:00  Missile Turret  
  52  12:05  SCV  
  52  12:06  Factory  
  53  12:12  Barracks Tech Lab  
  53  12:17  SCV  
  53  12:19  SCV  
  53  12:21  Supply Depot  
  55  12:29  SCV, Missile Turret  
  56  12:31  SCV  
  56  12:36  Stimpack  
  57  12:41  Marine x3  
  57  12:43  SCV  
  61  12:55  SCV  
  61  12:56  Marine  
  62  12:58  Marine  
  62  12:59  Marine x2  
  65  13:07  SCV  
  66  13:14  Marauder  
  66  13:16  Factory Tech Lab  
  69  13:20  SCV, Starport  
  69  13:28  Missile Turret  
  69  13:30  Refinery  
  69  13:32  SCV  
  70  13:47  Command Center  
  70  13:53  Supply Depot  
  70  13:54  Supply Depot  
  70  14:00  Starport Reactor  
  70  14:08  Supply Depot  
  70  14:14  Marauder, Siege Tank, Marine x3  
  70  14:15  SCV, Marine  
  80  14:17  Missile Turret  
  80  14:23  Missile Turret  
  80  14:27  SCV  
  81  14:38  Medivac x2  
  81  14:39  Armory  
  81  14:42  Marine x4  
  81  14:45  SCV  
  90  14:54  Missile Turret  
  90  14:56  SCV  
  90  14:59  SCV  
  92  15:02  Refinery  
  92  15:04  Planetary Fortress  
  92  15:08  SCV  
  92  15:11  SCV  
  94  15:21  SCV, Concussive Shells  
  95  15:23  SCV  
  95  15:24  Siege Tank  
  99  15:33  Missile Turret  
  99  15:35  SCV  
  100  15:37  Terran Vehicle And Ship Armor Level 1  
  100  15:40  Missile Turret, Medivac  
  100  15:41  Medivac, Marine  
  105  15:44  SCV  
  106  16:05  Marauder, Marine  
  109  16:26  Bunker  
  109  16:37  Supply Depot x2  
  109  16:38  Supply Depot  
  109  16:42  Terran Infantry Weapons Level 1  
  109  16:47  Engineering Bay  
  109  16:56  Missile Turret  
  109  16:58  Marine x5  
  109  16:59  Medivac x2  
  118  17:16  Marine x5  
  123  17:28  Medivac x2  
  127  17:32  Terran Infantry Armor Level 1  
  127  17:34  Marine x3  
  127  17:36  Missile Turret  
  130  17:42  Missile Turret x2, Refinery  
  130  17:44  Marine x2  
  130  17:51  Sensor Tower  
  132  17:52  Marine  
  133  18:02  Marine  
  133  18:03  Marine  
  133  18:04  Marine x2  
  133  18:14  Viking  
  131  18:44  Viking  
  133  18:54  Terran Vehicle And Ship Armor Level 2  
  133  18:57  Starport  
  132  19:16  Marine  
  133  19:45  Sensor Tower  
  133  20:19  Starport Tech Lab  
  133  20:24  Starport  
  133  20:26  Supply Depot  
  133  20:27  Supply Depot  
  133  20:28  Supply Depot  
  133  20:31  Liberator  
  133  20:48  SCV, Marine  
  133  20:49  Marauder  
  140  20:50  Viking  
  141  21:01  SCV  
  142  21:10  Marauder  
  143  21:13  SCV  
  144  21:20  Viking  
  146  22:07  Liberator  
  146  22:11  Raven  
  148  22:34  Supply Depot x2  
  148  22:35  Supply Depot  
  148  22:36  Supply Depot x2  
Tags
 
Add a new tag
Caveats
  • Supply blocks, unpowered buildings, or Contaminate may cause inaccurate times.
  • Supply counts are checked every 10 seconds.